Map: Abyssal Reef LE

Players

HEMORRHOIDS - Winner!

  • Race: Protoss Protoss
  • League: Diamond
  • Spawn Location: 11:00

FunK

  • Race: Zerg Zerg
  • League: Grandmaster
  • Spawn Location: 5:00

VOD

Have the link to the VOD?

Description

Time

  • Played on: June 18, 2017, 6:46 p.m.
  • Length: 13:25
Show
View Real Time Build Order
Export as new Build Order

HEMORRHOIDS Protoss - Winner!

Build Orders: Cannon Rush 

Get SALT Encoding   

  12  0:01  Probe (Chrono Boost)  
  13  0:11  Probe (Chrono Boost)  
  14  0:22  Probe (Chrono Boost)  
  14  0:26  Pylon  
  15  0:44  Probe (Chrono Boost)  
  15  0:49  Forge  
  17  0:57  Probe (Chrono Boost)  
  17  1:07  Probe (Chrono Boost)  
  18  1:18  Probe (Chrono Boost)  
  19  1:26  Pylon  
  19  1:28  Probe (Chrono Boost)  
  19  1:31  Gateway  
  20  1:44  Photon Cannon  
  20  1:46  Photon Cannon  
  20  1:49  Photon Cannon  
  21  1:54  Probe (Chrono Boost)  
  21  2:08  Assimilator  
  21  2:18  Nexus  
  21  2:22  Assimilator  
  21  2:26  Assimilator  
  21  2:41  Pylon  
  21  2:52  Cybernetics Core  
  21  2:54  Pylon  
  21  2:56  Photon Cannon  
  21  3:04  Probe (Chrono Boost)  
  22  3:14  Assimilator, Probe (Chrono Boost)  
  22  3:19  Assimilator  
  23  3:35  Stargate  
  23  3:37  Probe (Chrono Boost)  
  25  3:48  Mothership Core (Chrono Boost), Probe (Chrono Boost)  
  27  3:58  Probe (Chrono Boost)  
  28  4:09  Stargate  
  28  4:11  Probe (Chrono Boost)  
  28  4:15  Probe (Chrono Boost)  
  30  4:21  Probe (Chrono Boost)  
  31  4:26  Pylon  
  31  4:31  Pylon  
  31  4:45  Photon Cannon  
  31  4:48  Photon Cannon  
  31  4:54  Probe (Chrono Boost)  
  31  4:59  Photon Cannon  
  32  5:11  Pylon  
  32  5:19  Void Ray  
  36  5:35  Void Ray  
  40  5:55  Photon Cannon  
  40  6:05  Probe (Chrono Boost)  
  41  6:15  Probe (Chrono Boost)  
  41  6:26  Probe (Chrono Boost)  
  41  6:32  Void Ray  
  42  6:33  Void Ray  
  42  6:36  Probe (Chrono Boost)  
  52  6:47  Probe (Chrono Boost)  
  52  6:57  Photon Cannon  
  52  6:58  Probe (Chrono Boost)  
  53  7:01  Photon Cannon  
  54  7:10  Probe (Chrono Boost)  
  54  7:15  Pylon  
  54  7:22  Probe (Chrono Boost)  
  55  7:27  Void Ray x2  
  59  7:34  Pylon  
  63  8:08  Stargate  
  63  8:09  Photon Cannon  
  63  8:18  Void Ray  
  67  8:31  Pylon  
  67  8:34  Pylon  
  67  8:43  Photon Cannon  
  67  8:55  Pylon  
  68  8:56  Probe (Chrono Boost)  
  68  9:08  Probe (Chrono Boost)  
  70  9:10  Probe (Chrono Boost)  
  70  9:20  Probe (Chrono Boost)  
  70  9:21  Probe (Chrono Boost)  
  72  9:24  Oracle  
  72  9:29  Oracle x2  
  82  9:33  Probe (Chrono Boost)  
  82  9:38  Nexus  
  82  9:57  Oracle  
  82  10:00  Pylon  
  82  10:04  Assimilator  
  85  10:08  Assimilator  
  85  10:12  Pylon  
  85  10:16  Pylon  
  85  10:17  Oracle x2  
  91  10:28  Oracle  
  92  10:48  Gateway  
  92  10:53  Oracle x2  
  98  11:15  Oracle  
  94  11:23  Probe (Chrono Boost)  
  98  11:28  Probe (Chrono Boost)  
  98  11:29  Pylon, Oracle x2  
  105  11:34  Probe (Chrono Boost)  
  105  11:39  Probe (Chrono Boost)  
  107  11:44  Probe (Chrono Boost)  
  107  11:46  Oracle  
  111  12:04  Oracle x2  
  117  12:11  Probe (Chrono Boost)  
  117  12:13  Forge  
  118  12:17  Cybernetics Core, Oracle  
  118  12:21  Probe (Chrono Boost)  
  122  12:40  Oracle  
  125  12:45  Oracle  
  92  13:10  Probe (Chrono Boost)  
Show
View Real Time Build Order
Export as new Build Order

FunK Zerg 

Build Orders: Hatch First 

Get SALT Encoding   

  12  0:01  Drone  
  13  0:13  Overlord  
  13  0:18  Drone  
  14  0:31  Drone  
  14  0:32  Drone  
  16  0:38  Drone  
  17  0:53  Hatchery  
  17  0:56  Drone  
  17  0:59  Drone  
  18  1:10  Extractor  
  17  1:17  Spawning Pool  
  16  1:18  Drone  
  16  1:23  Drone  
  18  1:31  Drone  
  19  1:41  Drone  
  20  1:52  Overlord  
  20  2:01  Drone  
  20  2:07  Spine Crawler  
  20  2:11  Queen  
  22  2:17  Roach Warren  
  23  2:28  Zergling x4  
  23  2:40  Zergling x2  
  23  2:41  Evolution Chamber, Zergling x4  
  25  2:58  Drone  
  26  3:02  Drone  
  27  3:07  Pneumatized Carapace  
  27  3:08  Overlord  
  27  3:22  Drone  
  27  3:23  Drone, Extractor  
  28  3:35  Drone x3  
  31  3:55  Zerg Melee Weapons Level 1  
  31  3:59  Roach  
  31  4:00  Roach x2  
  31  4:02  Overlord  
  37  4:14  Hatchery  
  36  4:22  Ravager x2  
  38  4:26  Drone  
  38  4:27  Drone x3  
  42  4:32  Ravager  
  43  4:50  Metabolic Boost  
  43  5:00  Drone  
  43  5:01  Drone  
  43  5:02  Overlord  
  43  5:03  Drone  
  48  5:40  Queen  
  45  5:59  Hatchery  
  41  6:15  Zergling x2  
  41  6:16  Zergling x16  
  50  6:20  Queen  
  52  6:32  Hatchery  
  51  7:11  Drone x5  
  56  7:20  Queen  
  58  7:26  Zergling x2  
  58  7:27  Zergling x2  
  60  7:31  Overlord x3  
  60  7:39  Spore Crawler x2  
  60  7:41  Spore Crawler  
  52  7:45  Queen  
  53  7:56  Queen  
  55  8:04  Spore Crawler  
  53  8:06  Spore Crawler  
  53  8:07  Spore Crawler  
  49  8:15  Drone x2  
  49  8:19  Drone  
  52  8:20  Drone x2  
  56  8:31  Lair  
  50  8:38  Hatchery  
  43  8:51  Queen  
  45  9:06  Drone x2  
  47  9:12  Drone x3  
  50  9:17  Spore Crawler  
  50  9:18  Spore Crawler x2  
  50  9:23  Zergling x10  
  52  9:30  Hydralisk Den  
  51  9:40  Queen  
  52  10:04  Hydralisk  
  52  10:05  Hydralisk x5  
  64  10:39  Hydralisk Den  
  63  10:44  Overlord x2  
  63  10:59  Hatchery  
  63  11:02  Queen  
  64  11:23  Hydralisk, Hatchery  
  64  11:24  Hydralisk x2  
  69  11:40  Muscular Augments  
  67  11:54  Hydralisk  
  60  12:11  Hatchery  
  59  12:18  Hydralisk x2  
  63  12:24  Zergling x2  
Tags
 
Add a new tag
Caveats
  • Supply blocks, unpowered buildings, or Contaminate may cause inaccurate times.
  • Supply counts are checked every 10 seconds.